 Dungeon Crawl Stone Soup version 0.17-a0-377-gdd46233 (console) character file.

297749 hyperkellhus the Scorcher (level 20, -3/153 HPs)
             Began as a Vampire Venom Mage on Mar 31, 2015.
             Was the Champion of Ashenzari.
             Slain by a vault warden
             ... wielding a +1 glaive of protection
              (41 damage)
             ... on level 2 of the Vaults on Apr 2, 2015.
             The game lasted 03:43:53 (68669 turns).

hyperkellhus the Scorcher (Vampire Venom Mage)     Turns: 68669, Time: 03:43:54

Health: -3/153     AC: 12    Str: 10    XL:     20   Next: 45%
Magic:  6/44       EV: 25    Int: 30    God:    Ashenzari [******]
Gold:   2878       SH:  8    Dex: 11    Spells: 10 memorised, 19 levels left

rFire  + . .     SeeInvis +     b - +9 demon trident (freeze) (curse)
rCold  + + +     Clarity  +     V - +2 robe {Archmagi} (curse)
rNeg   . . .     SustAb   .     i - +3 buckler of Light {+Fly Regen+} (curse)
rPois  +         Gourm    .     Z - +2 helmet {Int+3} (curse)
rElec  +         Spirit   .     v - +1 cloak of Supple Strength {rC+ Str+3} (curse)
rCorr  +         Warding  .     O - +0 pair of gloves
rMut   .         Stasis   .     J - +1 pair of boots "Ynyiky" {+Inv Int+4 Dex-3} (curse)
MR     ++...                    d - amulet of resist corrosion
Stlth  +++.......               E - ring of magical power (curse)
                                x - +5 ring of evasion

@: resistant, regenerating quickly, repel missiles, very resistant to hostile
enchantments, fairly stealthy
A: fangs 3, see invisible, cold resistance 1, unbreathing
a: Scrying, Transfer Knowledge, Renounce Religion, Evoke Invisibility, Evoke
Flight
}: 1/15 runes: serpentine


You were on level 2 of the Vaults.
You worshipped Ashenzari.
Ashenzari was exalted by your worship.
You were very full.

You visited 7 branches of the dungeon, and saw 37 of its levels.
You also visited: Labyrinth and Ice Cave.

You collected 4685 gold pieces.
You spent 1807 gold pieces at shops.

Inventory:

Hand weapons
 b - a cursed +9 demon trident of freezing (weapon)
Missiles
 B - 5 throwing nets (quivered)
Armour
 i - the cursed +3 buckler of Light (worn) {+Fly Regen+}
   (You found it on level 4 of the Lair of Beasts)

   It lets you fly.
   It increases your rate of regeneration.
   It has a curse placed upon it.
 v - the cursed +1 cloak of Supple Strength (worn) {rC+ Str+3}
   (You bought it in a shop on level 4 of the Orcish Mines)

   It affects your strength (+3).
   It protects you from cold.
   It has a curse placed upon it.
 J - the cursed +1 pair of boots "Ynyiky" (worn) {+Inv Int+4 Dex-3}
   (You found it on level 4 of the Dungeon)

   It affects your intelligence (+4).
   It affects your dexterity (-3).
   It lets you turn invisible.
   It has a curse placed upon it.
 O - a +0 pair of gloves (worn)
 V - a cursed +2 robe of the Archmagi (worn)
 Z - a cursed +2 helmet of intelligence (worn)
Jewellery
 d - an amulet of resist corrosion (around neck)
 x - a +5 ring of evasion (left hand)
 A - an uncursed ring of fire
 C - an uncursed ring of protection from cold
 D - an uncursed ring of magical power
 E - a cursed ring of magical power (right hand)
 L - an uncursed ring of protection from magic
 N - the ring "Lacwamipse" {+Inv rElec Str+2 Int-3 SInv}
   (You took it off a deep elf knight on level 1 of the Elven Halls)

   [ring of invisibility]

   It affects your strength (+2).
   It affects your intelligence (-3).
   It insulates you from electricity.
   It enhances your eyesight.
   It lets you turn invisible.
Magical devices
 t - a wand of fire (3)
 Q - a wand of fire (8)
 S - a wand of disintegration (5)
 W - a wand of cold (1)
 X - a wand of draining (5)
 Y - a wand of hasting (8)
Scrolls
 c - 3 scrolls of enchant armour
 g - 5 scrolls of teleportation
 p - 2 scrolls of amnesia
 q - 6 scrolls of identify
 r - 3 scrolls of fog
 s - 5 scrolls of magic mapping
 z - 7 scrolls of remove curse
 H - 9 scrolls of recharging
 K - 4 scrolls of curse weapon
 M - 4 scrolls of enchant weapon
 P - 6 scrolls of curse armour
 U - 2 scrolls of fear
Potions
 e - 5 potions of cancellation
 f - 4 potions of might
 k - 4 potions of agility
 l - 2 potions of magic
 o - 14 potions of curing
 u - a potion of heal wounds
 w - a potion of resistance
 F - 3 potions of restore abilities
 I - 2 potions of cure mutation
 R - 2 potions of flight
 T - 3 potions of brilliance
Books
 h - a Grand Grimoire {highlevel}

   This book is beyond your current level of understanding.

   Spells                             Type                      Level
   a - Aura of Abjuration             Summoning                    6
   b - Summon Greater Demon           Summoning                    7
   c - Malign Gateway                 Summoning/Translocation      7
   d - Summon Horrible Things         Summoning                    8
 m - a Necronomicon {highlevel}

   This book is beyond your current level of understanding.

   Spells                             Type                      Level
   a - Haunt                          Necromancy/Summoning         7
   b - Borgnjor's Revivification      Necromancy                   8
   c - Death's Door                   Charms/Necromancy            8
   d - Necromutation                  Transmutation/Necromancy     8
 n - a book of Fire

   Spells                             Type                      Level
   a - Ignite Poison                  Fire/Transmutation           5
   b - Fireball                       Conjuration/Fire             5
   c - Bolt of Fire                   Conjuration/Fire             6
   d - Delayed Fireball               Conjuration/Fire             7
   e - Ring of Flames                 Charms/Fire                  7


   Skills:
 - Level 12.0 Fighting
 + Level 1.0(3.5) Polearms
 + Level 0.8 Armour
 - Level 14.8(17.4) Dodging
 - Level 3.0(5.6) Stealth
 - Level 3.4(6.1) Shields
 - Level 15.0 Spellcasting
 - Level 15.0 Conjurations
 - Level 4.0 Charms
 - Level 15.0 Fire Magic
 - Level 10.0 Poison Magic


You had 19 spell levels left.
You knew the following spells:

 Your Spells              Type           Power        Failure   Level  Hunger
a - Sting                 Conj/Pois      ####         0%          1    None
b - Bolt of Fire          Conj/Fire      ########..   1%          6    ###....
c - Sticky Flame          Conj/Fire      ########     1%          4    None
d - Flame Tongue          Conj/Fire      #####        0%          1    None
e - Regeneration          Chrm/Necr      ######....   2%          3    None
f - Fireball              Conj/Fire      ########..   1%          5    None
g - Venom Bolt            Conj/Pois      #######...   1%          5    None
l - Blink                 Tloc           N/A          3%          2    None
r - Repel Missiles        Chrm/Air       ######       1%          2    None
A - Apportation           Tloc           ####......   1%          1    None


Dungeon Overview and Level Annotations

Branches:
Dungeon (15/15)            Temple (1/1) D:4            Lair (8/8) D:11
 Shoals (0/5) Lair:6        Snake (5/5) Lair:4        Slime (0/6) Lair:6
    Orc (4/4) D:11            Elf (2/3) Orc:4        Vaults (2/5) D:14
 Depths (0/5) D:15
  Crypt: Vaults:2-3

Altars:
Ashenzari
Cheibriados
Dithmenos
Elyvilon
Fedhas
Gozag
Kikubaaqudgha
Makhleb
Nemelex Xobeh
Okawaru
Qazlal
Ru
Sif Muna
Trog
Vehumet
Xom
Yredelemnul
Zin
The Shining One
Beogh

Shops:
D:5 *   D:6 }   D:7 [   D:8 [[[(   D:14 !   Orc:1 (   Orc:2 (   Orc:4 }:[!
Elf:1 (   Elf:2 ?   Snake:2 =   Snake:3 [

Annotations:
D:6 exclusion: skeleton
D:8 exclusion: 2 oklob saplings
D:14 exclusion: Roxanne, Roxanne
Vaults:2 Nikola


Innate Abilities, Weirdness & Mutations

Your natural rate of healing is unusually fast.
You have razor-sharp teeth.
You have supernaturally acute eyesight.
You can survive without breathing.
Your flesh is cold resistant.


Message History

Aim: a fire dragon (almost dead, catching its breath)
You hit the fire dragon but do no damage.
The fire dragon is almost dead.
The fire dragon completely misses you. The fire dragon closely misses you.
The fire dragon closely misses you. The mottled dragon barely misses you.
The mottled dragon claws you.
* * * LOW HITPOINT WARNING * * *
The vault warden barely misses you. The harpy claws you!!
* * * LOW HITPOINT WARNING * * *
The harpy claws you.
* * * LOW HITPOINT WARNING * * *
The fire dragon misses you. You block the fire dragon's attack.
The fire dragon barely misses you.
Unknown command.
Unknown command.
Drink which item? (? for menu, Esc to quit)
You feel much better. You block the harpy's attack. The harpy misses you.
You block the mottled dragon's attack. The mottled dragon misses you.
The vault warden hits you from afar with a glaive of protection!!!
You die...

###+#..#+#### ,,,, ,,,
....'..'....# * ** *
[[#.#..#.#..#
[...#..#....#
[[..#..#...†#
)##########'##########
.......#8.........p.8#
.......#..#)...HDD#..#
.......#..##(.%.@##..#
.......#.∆#.88888.#p.#
(......#. ##.....##..#
##.....#,,#.......#).#
#.....+, #########..#
#.....#** ##+# #.....#
#..# #.[...# *#..# *
#.....# *..##.,


You could see a fire dragon, a vault warden, a harpy and a mottled dragon.

Vanquished Creatures
  Frederick (Vaults:2)
  Norris (Vaults:1)
  Vashnia (Snake:4)
  Jorgrun (Snake:3)
  An Ice Fiend (IceCv)
  A deep elf blademaster (Elf:2)
  Agnes (Elf:1)
  Kirke (D:13)
  10 greater nagas
  Donald (Vaults:1)
  An orc warlord (D:12)
  A fire giant (Vaults:1)
  5 vault wardens
  Aizul (Snake:1)
  7 ironheart preservers
  A very ugly thing (Vaults:2)
  2 deep elf annihilators
  A dire elephant (Lair:8)
  4 deep elf demonologists
  A minotaur (Lab)
  2 vault guards
  An ettin (D:15)
  Snorg (Orc:2)
  A deep elf death mage (Elf:2)
  A yaktaur captain (D:12)
  A deep elf high priest (Elf:1)
  2 rakshasas (Vaults:1)
  Josephine (D:11)
  8 ogre magi
  Harold (Orc:3)
  15 naga warriors
  15 hydras
  Erica (D:8)
  26 anacondas
  4 catoblepae
  10 dancing weapons
  The ghost of stickyfingers the Martial Artist, a powerful OpTm of Yredelemnul (D:10)
  2 deep troll earth magi
  An alligator (shapeshifter) (Vaults:1)
  8 centaur warriors
  An orc high priest (Orc:1)
  A deep troll shaman (Lair:8)
  14 death yaks
  2 tengu warriors
  Urug (Lair:4)
  16 naga sharpshooters
  14 shock serpents
  2 fire crabs (Vaults:1)
  19 deep elf knights
  A shadow wraith (Vaults:1)
  7 salamander mystics
  9 ice devils
  4 unseen horrors
  A giant orange brain (Vaults:2)
  8 deep trolls (Vaults:1)
  A hell knight (D:15)
  2 wizards
  A necromancer (Vaults:2)
  2 lindwurms (Lair:7)
  3 ice statues (IceCv)
  9 deep elf summoners
  6 naga ritualists
  A harpy (Vaults:2)
  8 deep elf conjurers
  3 wolf spiders
  11 mana vipers
  7 oklob plants
  A griffon (D:14)
  16 ugly things
  5 orc sorcerers
  9 orc knights
  49 black mambas
  28 salamanders
  11 hill giants
  6 ironbrand convokers
  3 manticores
  5 cyclopes
  18 elephants
  8 vault sentinels
  16 guardian serpents
  A gargoyle (D:11)
  A black mamba (shapeshifter) (Vaults:1)
  5 centaur skeletons
  16 komodo dragons
  22 naga magi
  A queen ant (Lair:4)
  A kobold demonologist (D:13)
  An orange demon (D:13)
  An elf (shapeshifter) (Vaults:2)
  8 yaktaurs
  2 fire drakes
  8 spiny frogs
  13 deep elf priests
  2 small abominations
  6 blue devils (IceCv)
  A golden dragon simulacrum (IceCv)
  5 trolls
  A troll (shapeshifter) (Vaults:1)
  4 wandering mushrooms (D:8)
  3 anaconda simulacra (IceCv)
  2 tengu conjurers
  4 polar bears
  9 two-headed ogres
  8 slime creatures
  21 blink frogs
  5 ravens
  A trapdoor spider (Lab)
  3 shadows
  2 redbacks
  Sigmund (D:6)
  21 deep elf fighters
  13 deep elf magi
  3 basilisks
  9 wraiths
  A vampire (D:15)
  A tarantella (shapeshifter) (D:12)
  36 wolves
  Eustachio (D:6)
  2 humans (D:9)
  A wyvern (D:13)
  57 yaks
  A yaktaur simulacrum (Vaults:1)
  13 hippogriffs
  5 wargs
  4 hungry ghosts
  5 hogs (D:13)
  2 iron troll simulacra (IceCv)
  16 vampire mosquitoes
  17 soldier ants (Lair:4)
  29 water moccasins
  2 harpy simulacra (IceCv)
  77 nagas
  2 hydra simulacra (IceCv)
  A mottled dragon (Vaults:1)
  8 porcupines
  44 orc warriors
  4 ice beasts
  An eye of draining (shapeshifter) (Elf:2)
  A sky beast (D:7)
  34 ogres
  3 phantoms
  A wasp (D:11)
  5 black bears
  An eye of draining (D:11)
  25 centaurs
  24 crocodiles
  2 boring beetles
  2 brain worms
  A crocodile (shapeshifter) (D:14)
  Blork the orc (D:4)
  15 giant frogs
  4 big kobolds
  A wyvern zombie (D:13)
  A scorpion (D:13)
  An orc simulacrum (Vaults:2)
  A spriggan skeleton (Lab)
  10 killer bees
  2 goliath beetles
  2 electric eels
  5 lava snakes (Snake:1)
  9 wights
  8 crimson imps
  3 quasits
  A giant frog zombie (D:8)
  A wasp zombie (D:14)
  12 jellies
  23 orc priests
  33 orc wizards
  Crazy Yiuf (D:3)
  3 giant frog skeletons
  5 centaur zombies
  16 hounds
  48 worker ants
  8 iguanas
  12 sheep
  6 hell rats
  An ogre zombie (D:5)
  2 mummies
  A hound skeleton (D:8)
  27 adders
  49 river rats
  4 shadow imps
  2 giant mites
  5 worms
  An adder skeleton (D:5)
  2 adder zombies
  3 giant geckos
  14 oozes
  261 orcs
  A bat skeleton (D:6)
  29 goblins
  16 hobgoblins
  22 kobolds
  18 bats
  9 giant cockroaches
  A giant cockroach zombie (D:5)
  5 giant newts
  2 giant spores
  11 jackals
  An orc zombie (Elf:1)
  21 quokkas
  A quokka zombie (D:5)
  16 rats
  A rat zombie (D:5)
  A spectral orc (D:2)
  9 ballistomycetes
  3 fungi (Lair:7)
  2 plants
1880 creatures vanquished.

Vanquished Creatures (others)
  A catoblepas (Lair:6)
  A guardian serpent (Snake:5)
  2 humans (D:13)
  A vampire mosquito (Vaults:2)
  A wolf (Lair:8)
  A lost soul (Elf:2)
  2 orcs
  A giant spore (D:9)
  2 bushes (Lair:8)
  44 fungi
  22 plants
78 creatures vanquished.

Grand Total: 1958 creatures vanquished

Notes
Turn   | Place    | Note
--------------------------------------------------------------
     0 | D:1      | hyperkellhus, the Vampire Venom Mage, began the quest for the Orb.
     0 | D:1      | Reached XP level 1. HP: 13/13 MP: 3/3
   316 | D:1      | Reached skill level 4 in Poison Magic
   378 | D:1      | Reached XP level 2. HP: 19/19 MP: 1/4
   820 | D:2      | Found a shadowy altar of Dithmenos.
  1291 | D:2      | Found a basalt altar of Yredelemnul.
  1563 | D:2      | Reached XP level 3. HP: 24/24 MP: 0/5
  2298 | D:3      | Learned a level 3 spell: Mephitic Cloud
  2319 | D:3      | Found a stormy altar of Qazlal.
  2339 | D:3      | Reached skill level 5 in Poison Magic
  2339 | D:3      | Reached XP level 4. HP: 23/30 MP: 0/6
  3438 | D:3      | Reached XP level 5. HP: 18/35 MP: 7/7
  3815 | D:3      | Noticed Crazy Yiuf
  3822 | D:3      | Killed Crazy Yiuf
  3822 | D:3      | Reached skill level 6 in Poison Magic
  4044 | D:4      | Noticed an ogre
  4240 | D:4      | Reached skill level 1 in Conjurations
  4339 | D:4      | Noticed a phantom
  4477 | D:4      | Got a pair of ancient boots
  4483 | D:4      | Identified the +1 pair of boots "Ynyiky" {+Inv Int+4 Dex-3} (You found it on level 4 of the Dungeon)
  4542 | D:4      | Noticed Blork the orc
  4591 | D:4      | Reached XP level 6. HP: 41/41 MP: 6/8
  4592 | D:4      | Killed Blork the orc
  4870 | D:4      | Found a staircase to the Ecumenical Temple.
  4962 | D:4      | Found a shadowy altar of Dithmenos.
  5181 | D:4      | Killed an ogre
  5365 | D:4      | Learned a level 1 spell: Flame Tongue
  5368 | D:4      | Learned a level 2 spell: Blink
  5369 | D:5      | Entered Level 5 of the Dungeon
  5592 | D:5      | Reached XP level 7. HP: 46/46 MP: 10/10
  5688 | D:5      | Reached skill level 1 in Fire Magic
  6309 | D:5      | Found a bloodstained altar of Trog.
  6431 | D:5      | Found Gufef's Assorted Antiques.
  6444 | D:5      | Bought a brightly glowing tin ring for 155 gold pieces
  6445 | D:5      | Identified the ring of Socy {Str+6 Dex-5 Stlth+} (You bought it in a shop on level 5 of the Dungeon)
  6608 | Temple   | Entered the Ecumenical Temple
  7175 | D:6      | Found Kuitau's Gadget Shop.
  7268 | D:6      | Reached XP level 8. HP: 30/52 MP: 9/11
  7596 | D:6      | Found a glowing silver altar of Zin.
  7596 | D:6      | Noticed an angel
  7603 | D:6      | Got a jewelled plate armour
  7869 | D:6      | Noticed Sigmund
  7878 | D:6      | Killed Sigmund
  7878 | D:6      | Reached skill level 5 in Spellcasting
  7962 | D:6      | Got a pitted chain mail
  8046 | D:6      | Learned a level 2 spell: Repel Missiles
  8052 | D:6      | Learned a level 4 spell: Sticky Flame
  8403 | D:6      | Found a glowing golden altar of the Shining One.
  8449 | D:6      | Noticed Eustachio
  8460 | D:6      | Killed Eustachio
  8701 | D:7      | Reached skill level 5 in Fire Magic
  8714 | D:7      | Reached XP level 9. HP: 57/57 MP: 12/15
  9481 | D:7      | Found a shattered altar of Ashenzari.
  9517 | D:7      | Found Muaxt's Antique Armour Shoppe.
  9553 | D:7      | Became a worshipper of Ashenzari the Shackled
  9594 | D:7      | Bought a runed robe for 21 gold pieces
  9613 | D:7      | Identified the +1 chain mail of Exig {rN+ rCorr Stlth-} (You found it on level 6 of the Dungeon)
  9713 | D:8      | Found Epeosm's Weapon Shop.
  9836 | D:8      | Reached skill level 7 in Fire Magic
 10172 | D:8      | Reached skill level 8 in Fire Magic
 10331 | D:8      | Found a blossoming altar of Fedhas.
 10342 | D:8      | Reached skill level 5 in Conjurations
 10342 | D:8      | Reached XP level 10. HP: 63/63 MP: 15/16
 10705 | D:8      | Found a radiant altar of Vehumet.
 10715 | D:8      | Found Tymu's Armour Shoppe.
 10734 | D:8      | Noticed Erica
 11230 | D:8      | Found Uruusan's Armour Shoppe.
 11235 | D:8      | Bought a +2 helmet of intelligence for 258 gold pieces
 11249 | D:8      | Found Hakazim's Antique Armour Shop.
 11415 | D:8      | Reached skill level 1 in Fighting
 11612 | D:8      | Killed Erica
 11776 | D:9      | Learned a level 5 spell: Venom Bolt
 12394 | D:9      | Found a snail-covered altar of Cheibriados.
 12866 | D:9      | Found a deep blue altar of Sif Muna.
 12955 | D:9      | Found an iron altar of Okawaru.
 12982 | D:9      | Reached XP level 11. HP: 73/77 MP: 18/18
 13072 | D:10     | Entered Level 10 of the Dungeon
 13108 | D:10     | Noticed a hill giant
 13116 | D:10     | Killed a hill giant
 13295 | D:10     | Got the mace of the Tundras {freeze, Int+5}
 13296 | D:10     | Identified the +5 mace of the Tundras {freeze, Int+5} (You found it on level 10 of the Dungeon)
 13326 | D:10     | Found a blossoming altar of Fedhas.
 13434 | D:10     | Noticed stickyfingers' ghost (powerful OpTm)
 13631 | D:9      | Learned a level 5 spell: Fireball
 14261 | D:10     | Killed stickyfingers' ghost
 14533 | D:11     | Learned a level 3 spell: Regeneration
 14599 | D:11     | Reached skill level 9 in Fire Magic
 14669 | D:11     | Reached skill level 1 in Charms
 14692 | D:11     | Found a staircase to the Lair.
 14694 | D:11     | Found a staircase to the Orcish Mines.
 15619 | D:11     | Reached skill level 5 in Dodging
 15802 | D:11     | Noticed a hill giant
 15817 | D:11     | Killed a hill giant
 16039 | D:11     | Noticed Josephine
 16163 | Lair:1   | Entered Level 1 of the Lair of Beasts
 16304 | Lair:1   | Identified the +11 plate armour "Weatutse" {Stlth+} (You found it on level 6 of the Dungeon)
 16624 | Lair:1   | Noticed a seven-headed hydra
 16662 | Lair:1   | Killed a seven-headed hydra
 17253 | Lair:1   | Reached XP level 12. HP: 75/83 MP: 6/20
 17821 | Lair:1   | Got the hand axe of Leygulaunn {flame, rElec rPois Int+4 Dex+4}
 17822 | Lair:1   | Identified the +3 hand axe of Leygulaunn {flame, rElec rPois Int+4 Dex+4} (You found it on level 1 of the Lair of Beasts)
 18495 | Lair:2   | Identified the cursed +0 leather armour of the Zebra {rElec Int+3}
 18944 | Lair:2   | Noticed a seven-headed hydra
 18947 | Lair:2   | Killed a seven-headed hydra
 19744 | Lair:3   | Acquired Ashenzari's first power
 20847 | Lair:4   | Found a staircase to the Snake Pit.
 20945 | Lair:4   | Reached skill level 10 in Conjurations
 21739 | Lair:4   | Noticed an eight-headed hydra
 21748 | Lair:4   | Killed an eight-headed hydra
 21748 | Lair:4   | Reached skill level 10 in Fire Magic
 21748 | Lair:4   | Reached XP level 13. HP: 88/88 MP: 10/21
 21978 | Lair:4   | Acquired Ashenzari's second power
 22235 | Lair:4   | Noticed Urug
 22249 | Lair:4   | Killed Urug
 22451 | Lair:4   | Got the uncursed buckler of Light {+Fly Regen+}
 22457 | Lair:4   | Identified the +3 buckler of Light {+Fly Regen+} (You found it on level 4 of the Lair of Beasts)
 22539 | Lair:4   | Reached skill level 1 in Shields
 22813 | Lair:2   | Upgraded the game from 0.17-a0-369-ge05c439 to 0.17-a0-377-gdd46233
 23989 | Lair:6   | Reached skill level 5 in Fighting
 24035 | Lair:6   | Acquired Ashenzari's third power
 24055 | Lair:6   | Found a labyrinth entrance.
 24068 | Lab      | Entered a labyrinth
 24384 | Lab      | Found an exit through the horrors of the Abyss.
 24675 | Lab      | Found an exit through the horrors of the Abyss.
 25511 | Lab      | Got the rapier of Anxiety {pierce, rN+ Str+4 Int+3 Stlth-}
 25511 | Lab      | Got the mace of the Lame Duck {distort, Dex+3}
 25684 | Lair:6   | Reached skill level 11 in Fire Magic
 27036 | Lair:6   | Found a staircase to the Shoals.
 27358 | Lair:6   | Found a staircase to the Slime Pits.
 27577 | Lair:6   | Reached XP level 14. HP: 100/100 MP: 22/22
 28454 | Lair:7   | Acquired Ashenzari's fourth power
 28747 | Lair:7   | Reached skill level 10 in Spellcasting
 30296 | Lair:8   | Entered Level 8 of the Lair of Beasts
 31243 | Lair:8   | Found an iron altar of Okawaru.
 31675 | Lair:8   | Got the rapier of Gaghidwa {pierce, +Blink +Inv}
 31899 | Lair:8   | Reached skill level 10 in Dodging
 32383 | Lair:8   | Reached XP level 15. HP: 108/108 MP: 25/25
 33019 | Lair:8   | Reached skill level 12 in Fire Magic
 33220 | Lair:8   | Gained mutation: Your flesh is cold resistant. [potion of beneficial mutation]
 33618 | D:11     | Killed Josephine
 34784 | D:13     | Reached skill level 10 in Poison Magic
 35589 | D:13     | Noticed Kirke
 35742 | D:13     | Killed Kirke
 36287 | D:13     | Found a glowing golden altar of the Shining One.
 36887 | D:14     | Found Wief's Distillery.
 36999 | D:14     | Noticed Roxanne
 37196 | D:14     | Learned a level 1 spell: Apportation
 37532 | D:14     | Found a gate to the Vaults.
 37722 | D:15     | Entered Level 15 of the Dungeon
 38086 | D:15     | Found a staircase to the Depths.
 38098 | D:15     | Reached XP level 16. HP: 104/120 MP: 12/26
 39395 | Orc:1    | Entered Level 1 of the Orcish Mines
 39678 | Orc:1    | Reached skill level 13 in Fire Magic
 40201 | Orc:1    | Found Ganaga's Antique Weapon Shoppe.
 41232 | Orc:2    | Found a roughly hewn altar of Beogh.
 41259 | Orc:2    | Noticed Snorg
 41263 | Orc:2    | Killed Snorg
 41444 | Orc:2    | Found Eloizues' Antique Weapon Shop.
 41798 | Orc:3    | Found a bloodstained altar of Trog.
 41869 | Orc:3    | Found a roughly hewn altar of Beogh.
 42058 | Orc:3    | Noticed Harold
 42063 | Orc:3    | Killed Harold
 42594 | Orc:4    | Entered Level 4 of the Orcish Mines
 43170 | Orc:4    | Found Deotim's Antique Armour Shop.
 43170 | Orc:4    | Found Ishufu Zofe's Book Emporium.
 43175 | Orc:4    | Found Ekausak's Gadget Shoppe.
 43177 | Orc:4    | Found Taimas Rovunt's Distillery.
 43212 | Orc:4    | Bought a slimy cloak for 332 gold pieces
 43212 | Orc:4    | Identified the +1 cloak of Supple Strength {rC+ Str+3} (You bought it in a shop on level 4 of the Orcish Mines)
 43419 | Orc:4    | Found a staircase to the Elven Halls.
 43701 | Orc:4    | Found a shimmering altar of Xom.
 44081 | Elf:1    | Entered Level 1 of the Elven Halls
 44627 | Elf:1    | Noticed Agnes
 44635 | Elf:1    | Killed Agnes
 44635 | Elf:1    | Reached skill level 14 in Fire Magic
 44807 | Elf:1    | Found Kog Zozo's Antique Weapon Emporium.
 45399 | Elf:1    | Noticed an Executioner
 45493 | Elf:1    | Identified the ring "Lacwamipse" {+Inv rElec Str+2 Int-3 SInv} (You took it off a deep elf knight on level 1 of the Elven Halls)
 46071 | Elf:2    | Found a frozen archway.
 46075 | IceCv    | Entered an ice cave
 46817 | IceCv    | Noticed an Ice Fiend
 46820 | IceCv    | Killed an Ice Fiend
 46820 | IceCv    | Reached XP level 17. HP: 125/125 MP: 29/29
 47095 | IceCv    | Got the falchion "Conservator" {freeze, rC+}
 47521 | Elf:2    | Found Kacuj's Magic Scroll Emporium.
 47528 | Elf:2    | Bought a scroll of identify for 22 gold pieces
 48171 | Elf:2    | Found a huge runed gate.
 48171 | Elf:2    | Found a huge runed gate.
 48172 | Elf:2    | Found a huge runed gate.
 48922 | Elf:2    | Bought a scroll of identify for 22 gold pieces
 48922 | Elf:2    | Bought a scroll of identify for 22 gold pieces
 48987 | Orc:4    | Bought a book of Fire for 975 gold pieces
 48994 | Orc:4    | Learned a level 6 spell: Bolt of Fire
 49312 | Elf:2    | Reached skill level 15 in Fire Magic
 50700 | Elf:2    | Reached skill level 10 in Fighting
 50714 | Elf:2    | Noticed a deep elf blademaster
 50942 | Elf:2    | Killed a deep elf blademaster
 51314 | Snake:1  | Entered Level 1 of the Snake Pit
 53036 | Snake:1  | Noticed Aizul
 53066 | Snake:1  | Killed Aizul
 54489 | Snake:2  | Found Camih's Jewellery Emporium.
 54576 | Snake:2  | Reached XP level 18. HP: 138/138 MP: 30/30
 55175 | Snake:3  | Found Piots' Antique Armour Shop.
 55208 | Snake:3  | Noticed Jorgrun
 55213 | Snake:3  | Killed Jorgrun
 56623 | Snake:4  | Noticed Vashnia
 57896 | Snake:4  | Killed Vashnia
 58594 | Snake:5  | Entered Level 5 of the Snake Pit
 60310 | Snake:5  | Reached XP level 19. HP: 143/143 MP: 33/33
 62685 | Snake:5  | Got a serpentine rune of Zot
 63485 | Vaults:1 | Entered Level 1 of the Vaults
 64137 | Vaults:1 | Noticed Donald
 64141 | Vaults:1 | Killed Donald
 65082 | Vaults:1 | Reached skill level 15 in Spellcasting
 65571 | Vaults:1 | Reached XP level 20. HP: 153/153 MP: 35/35
 65888 | Vaults:1 | Noticed Norris
 65894 | Vaults:1 | Killed Norris
 65894 | Vaults:1 | Identified the +2 buckler "Yhoumemn" {MP+9 Int-2 Stlth+} (You took it off Norris on level 1 of the Vaults)
 67182 | Vaults:2 | Noticed Nikola
 67414 | Vaults:2 | Reached skill level 15 in Conjurations
 67624 | Vaults:2 | Noticed Frederick
 67829 | Vaults:2 | Killed Frederick
 68120 | Lair:4   | Identified a -1 rod of shadows (14/14) (You found it on level 1 of the Lair of Beasts)
 68120 | Lair:4   | Identified the +3 mace of the Lame Duck {distort, Dex+3} (You found it in a labyrinth)
 68120 | Lair:4   | Identified the +5 rapier of Anxiety {pierce, rN+ Str+4 Int+3 Stlth-} (You found it in a labyrinth)
 68120 | Lair:4   | Identified the +9 rapier of Gaghidwa {pierce, +Blink +Inv} (You found it on level 8 of the Lair of Beasts)
 68120 | Lair:4   | Identified the cursed +0 flail "Kupucul" {crush, rPois rF- MR+ Int+7} (You found it on level 1 of the Vaults)
 68120 | Lair:4   | Identified the +7 rapier "Sosid" {flame, rC+ Int+2 SInv} (You found it on level 1 of the Vaults)
 68549 | Vaults:2 | Reached skill level 1 in Polearms
 68669 | Vaults:2 | Slain by a vault warden

Action                   |  1- 3 |  4- 6 |  7- 9 | 10-12 | 13-15 | 16-18 | 19-21 || total
-------------------------+-------+-------+-------+-------+-------+-------+-------++-------
Melee: Hand axe          |     8 |     4 |    99 |    23 |   103 |    49 |    38 ||   324
       Dagger            |       |     5 |       |       |       |       |       ||     5
       Scimitar          |       |       |       |    56 |       |       |       ||    56
       Mace              |       |       |       |     6 |       |       |       ||     6
       Demon trident     |       |       |       |       |       |       |    13 ||    13
 Cast: Sting             |    85 |   164 |   295 |   637 |   627 |   243 |     2 ||  2053
       Mephitic Cloud    |       |     4 |    14 |    14 |     8 |       |       ||    40
       Flame Tongue      |       |     6 |    88 |   135 |    84 |   222 |       ||   535
       Repel Missiles    |       |       |     1 |     5 |       |     7 |     1 ||    14
       Sticky Flame      |       |       |       |    88 |   158 |   128 |    25 ||   399
       Fireball          |       |       |       |    40 |    83 |   133 |     6 ||   262
       Venom Bolt        |       |       |       |    22 |   177 |   193 |    59 ||   451
       Regeneration      |       |       |       |     3 |     2 |     8 |     3 ||    16
       Blink             |       |       |       |       |     3 |    13 |     7 ||    23
       Bolt of Fire      |       |       |       |       |       |   278 |   247 ||   525
Evoke: Wand              |       |       |       |       |       |     4 |       ||     4
  Use: Potion            |     1 |       |       |     1 |     2 |    14 |     4 ||    22
       Scroll            |     4 |       |     6 |    16 |     9 |    18 |    13 ||    66
 Stab: Distracted        |       |       |       |       |       |     1 |       ||     1
  Eat: Corpse            |     8 |    16 |    28 |    63 |    97 |   147 |    48 ||   407
